 Dungeon Crawl Stone Soup version 0.25-a0-464-g3004169c2b (webtiles) character file.

Game seed: 12725500176284045213, levelgen mode: deterministic

37758 Kohma the Fencer (level 13, 0/117 HPs)
             Began as a Minotaur Fighter on Feb 5, 2020.
             Was the Champion of Okawaru.
             Slain by a death yak (7 damage)
             ... while petrified by a basilisk
             ... on level 6 of the Lair of Beasts.
             The game lasted 00:46:30 (17130 turns).

Kohma the Fencer (Minotaur Fighter)                Turns: 17130, Time: 00:46:30

Health: 0/117      AC: 28    Str: 27    XL:     13   Next: 60%
Magic:  10/15      EV:  2    Int:  5    God:    Okawaru [******]
Gold:   930        SH:  0    Dex:  9    Spells: 6/12 levels left

rFire    + . .     SeeInvis .   N - +7 double sword (holy)
rCold    . . .     Gourm    .   c - +1 shield
rNeg     + + +     Faith    .   m - +1 crystal plate armour
rPois    ∞         Spirit   .   H - +0 hat
rElec    .         Reflect  .   l - +2 cloak
rCorr    .         Harm     .   d - +0 pair of gloves
MR       .....                  o - +0 pair of boots
Stlth    ..........             Q - amulet of the acrobat
HPRegen  0.29/turn              U - ring of positive energy
MPRegen  0.14/turn              B - ring of protection from fire

@: petrified, hasted, drained
A: retaliatory headbutt, horns 2
a: Heroism, Finesse, Renounce Religion


You were on level 6 of the Lair of Beasts.
You worshipped Okawaru.
Okawaru was exalted by your worship.
You were hungry.

You visited 3 branches of the dungeon, and saw 18 of its levels.
You also visited: Sewer.

You collected 1209 gold pieces.
You spent 279 gold pieces at shops.

Inventory:

Hand Weapons
 e - the +9 falchion "Iseazy" {vorpal, Str+6}
   (You bought it in a shop on level 6 of the Dungeon)

   It inflicts extra damage upon your enemies.
   It affects your strength (+6).
 N - a +7 double sword of holy wrath (weapon)
Missiles
 g - 3 throwing nets (quivered)
 F - 3 curare-tipped darts
Armour
 c - a +1 shield (worn)
 d - a +0 pair of gloves (worn)
 l - a +2 cloak (worn)
 m - a +1 crystal plate armour (worn)
 o - a +0 pair of boots (worn)
 H - a +0 hat (worn)
 J - a +2 chain mail of poison resistance
Jewellery
 a - an uncursed ring of flight
 B - a ring of protection from fire (right hand)
 E - an uncursed amulet of regeneration
 Q - an amulet of the acrobat (around neck)
 U - a ring of positive energy (left hand)
Wands
 y - a wand of polymorph (7)
 C - a wand of iceblast (4)
 G - a wand of acid (5)
 I - a wand of scattershot (3)
 M - a wand of paralysis (7)
 P - a wand of flame (21)
 R - a wand of digging (8)
 T - a wand of enslavement (12)
Scrolls
 h - 13 scrolls of remove curse
 n - 4 scrolls of fear
 p - 7 scrolls of blinking
 q - 7 scrolls of teleportation
 r - 5 scrolls of fog
 x - 3 scrolls of magic mapping
 D - 3 scrolls of identify
 S - 4 scrolls of amnesia
Potions
 b - a potion of resistance
 i - a potion of agility
 j - 3 potions of lignification
 k - 3 potions of flight
 s - 5 potions of haste
 t - 2 potions of brilliance
 u - 8 potions of curing
 v - 3 potions of heal wounds
 w - 2 potions of magic
 z - 2 potions of might
 A - 4 potions of cancellation
 K - a potion of invisibility
 L - a potion of ambrosia
 O - a potion of mutation
Miscellaneous
 V - a lamp of fire
Comestibles
 f - 32 rations
 W - 2 chunks of flesh


   Skills:
 + Level 11.8(11.0) Fighting
 - Level 16.0(15.0) Long Blades
 + Level 11.9(11.0) Armour
 - Level 15.0(14.1) Shields
 + Level 4.7(4.0) Invocations


You had 6 spell levels left.
You knew the following spells:

 Your Spells              Type           Power        Failure   Level  Hunger
a - Summon Lightning Spi  Summ/Air       #.......     100%        4    #####..
b - Blink                 Tloc           N/A          100%        2    ###....

Your spell library contained the following spells:

 Spells                   Type           Power        Failure   Level  Hunger
 Animate Skeleton         Necr           N/A          100%        1    ##.....
 Apportation              Tloc           #.....       100%        1    ##.....
 Corona                   Hex            #......      100%        1    ##.....
 Magic Dart               Conj           #...         100%        1    ##.....
 Summon Small Mammal      Summ           #...         100%        1    ##.....
 Call Imp                 Summ           #.......     100%        2    ###....
 Searing Ray              Conj           #.....       100%        2    ###....
 Slow                     Hex            #.......     100%        2    ###....
 Call Canine Familiar     Summ           #.......     100%        3    ####...
 Conjure Flame            Conj/Fire      #.......     100%        3    ####...
 Dazzling Flash           Conj/Hex       #.....       100%        3    ####...
 Mephitic Cloud           Conj/Pois/Air  #.......     100%        3    ####...
 Summon Guardian Golem    Hex/Summ       #.......     100%        3    ####...
 Fulminant Prism          Conj/Hex       #.........   100%        4    #####..
 Iskenderun's Mystic Bla  Conj/Tloc      #.......     100%        4    #####..
 Summon Ice Beast         Ice/Summ       #.......     100%        4    #####..
 Irradiate                Conj/Tmut      #.........   100%        5    ######.
 Hydra Form               Tmut           #.........   100%        6    #######
 Statue Form              Tmut/Erth      #........    100%        6    #######
 Dragon Form              Tmut           #.........   100%        7    #######


Dungeon Overview and Level Annotations

Branches:
Dungeon (11/15)            Temple (1/1) D:7            Lair (6/6) D:9
  Swamp (0/4) Lair:4       Spider (0/4) Lair:3        Slime (0/5) Lair:6
    Orc (0/2) D:10          Sewer (visited)

Altars:
Ashenzari
Cheibriados
Dithmenos
Elyvilon
Fedhas
Gozag
Hepliaklqana
Kikubaaqudgha
Makhleb
Nemelex Xobeh
Okawaru
Qazlal
Ru
Sif Muna
Trog
Uskayaw
Vehumet
Wu Jian
Xom
Yredelemnul
Zin
The Shining One

Shops:
D:6 *(

Annotations:
Lair:6 Urug


Innate Abilities, Weirdness & Mutations

You reflexively headbutt those who attack you in melee.
You have a pair of horns on your head.


Message History

The death yak gores you.
* * * LOW HITPOINT WARNING * * *
The death yak gores you but does no damage.
You have turned to stone.
Urug screams, "Payback for my eye!"
Urug hits you with a +3 demon trident of draining.
* * * LOW HITPOINT WARNING * * *
The hippogriff barely misses you.
The hippogriff pecks you but does no damage.
The hippogriff completely misses you. The death yak gores you.
* * * LOW HITPOINT WARNING * * *
The death yak gores you!
* * * LOW HITPOINT WARNING * * *
The hippogriff bites you but does no damage.
The hippogriff pecks you but does no damage.
The hippogriff claws you but does no damage.
Urug completely misses you. The death yak gores you!
* * * LOW HITPOINT WARNING * * *
The death yak gores you!
You die...

*##..##,*...#*,,,**,*,
#...#.##...###,,***,,
##..###..P..PP#,,,,,,,
#.#.P##........,,,,,,,
##....#....P#,*,,**,,,
##.##†.l.#***,,,,*,,,
#..###†..# *,,,,*,,,
#..Y#(..## **,,,****
##.H@##.P###*,,,,,***
#..oY..........,,,,*,
##.............,,,,,,
###.............,,,,,,
#......P........,,,,,,
##...P#PP..##...,,,,,,
##...#######,...,,,***
#.#...###.#*,,..,****,
#.#...#...#.#.,,,,,,,,


You could see 2 death yaks, Urug, a hippogriff and a basilisk.

Vanquished Creatures
  A hydra (Lair:4)
  Harold (D:10)
  11 death yaks
  The ghost of Cowkociz the Destroyer, a journeyman TeCj of Vehumet (D:11)
  An ugly thing (D:11)
  An elephant (Lair:2)
  A manticore (D:11)
  2 black mambas
  7 spiny frogs
  2 gargoyles (D:11)
  3 rime drakes
  6 komodo dragons
  A queen bee (Lair:2)
  A polar bear (Lair:3)
  2 trolls
  A jumping spider (Lair:3)
  5 hippogriffs
  13 blink frogs
  A redback (Lair:3)
  2 vampires (D:9)
  37 yaks
  The ghost of loom the Shield-Bearer, an amateur MiFi (D:5)
  3 basilisks
  A hungry ghost (D:7)
  A steam dragon (Lair:2)
  3 vampire mosquitoes (D:11)
  9 water moccasins
  6 black bears
  4 porcupines
  An eye of draining (D:11)
  2 phantoms
  2 orc warriors
  6 ice beasts
  5 sky beasts
  7 ogres
  A necrophage (D:9)
  5 wolves
  3 centaurs
  10 crocodiles
  3 big kobolds
  11 bullfrogs
  2 water moccasin zombies
  4 scorpions
  41 killer bees
  5 wights (D:10)
  2 howler monkeys (D:11)
  4 electric eels
  2 crimson imps
  4 centaur zombies
  7 hounds
  A gnoll shaman (D:4)
  A bullfrog skeleton (D:11)
  A bullfrog zombie (D:7)
  9 orc priests
  4 jellies
  4 orc wizards
  2 centaur skeletons
  7 hell rats (Lair:2)
  4 iguanas
  9 worker ants
  A killer bee zombie (D:8)
  2 hound skeletons
  7 gnolls
  19 adders
  A howler monkey skeleton (D:8)
  8 river rats
  2 shadow imps
  An ooze (Sewer)
  An adder zombie (D:9)
  2 worms (D:3)
  A dart slug (D:1)
  A leopard gecko (D:7)
  34 orcs
  8 giant cockroaches
  8 goblins
  7 hobgoblins
  10 jackals
  4 quokkas
  11 ball pythons
  3 bats
  5 frilled lizards
  A jackal skeleton (D:5)
  19 kobolds
  A quokka skeleton (D:7)
  30 rats
484 creatures vanquished.

Vanquished Creatures (collateral kills)
  An orc (D:9)
1 creature vanquished.

Vanquished Creatures (others)
  A hound (D:10)
  5 fungi
  A plant (D:9)
7 creatures vanquished.

Grand Total: 492 creatures vanquished

Notes
Turn   | Place    | Note
-------+----------+-------------------------------------------
     0 | D:1      | Kohma the Minotaur Fighter began the quest for the Orb.
     0 | D:1      | Reached XP level 1. HP: 19/19 MP: 0/0
    79 | D:1      | Reached skill level 3 in Long Blades
    82 | D:1      | Reached XP level 2. HP: 26/26 MP: 1/1
   520 | D:2      | You fall into a shaft and drop 2 floors!
   566 | D:4      | Reached skill level 4 in Long Blades
   566 | D:4      | Reached XP level 3. HP: 12/31 MP: 2/2
   795 | D:4      | Found a hide-covered altar of Uskayaw.
   798 | D:4      | Found a glowing golden altar of the Shining One.
   802 | D:4      | Found an iron altar of Okawaru.
   810 | D:4      | Became a worshipper of Warmaster Okawaru
   824 | D:4      | Noticed an ogre
   830 | D:4      | Killed an ogre
   830 | D:4      | Reached skill level 5 in Long Blades
   830 | D:4      | Reached XP level 4. HP: 39/39 MP: 3/3
   830 | D:4      | Reached XP level 5. HP: 45/45 MP: 4/4
   938 | D:4      | Reached skill level 5 in Shields
   950 | D:4      | Reached skill level 6 in Long Blades
  1108 | D:3      | Found a glowing drain.
  1120 | Sewer    | Entered a sewer
  1381 | Sewer    | Reached * piety under Okawaru
  1381 | Sewer    | Reached XP level 6. HP: 8/51 MP: 5/5
  2128 | Sewer    | Reached skill level 7 in Long Blades
  2348 | D:3      | Reached XP level 7. HP: 50/57 MP: 6/6
  2587 | D:3      | Learned a level 4 spell: Summon Lightning Spire
  3644 | D:4      | Found a sacrificial altar of Ru.
  3700 | D:4      | Reached ** piety under Okawaru
  3700 | D:4      | Reached skill level 8 in Long Blades
  4100 | D:5      | Entered Level 5 of the Dungeon
  4242 | D:5      | Reached skill level 9 in Long Blades
  4516 | D:5      | Reached XP level 8. HP: 49/64 MP: 7/7
  4823 | D:5      | Found a runed translucent door.
  4823 | D:5      | Noticed loom's ghost (amateur MiFi)
  4841 | D:5      | Killed loom's ghost
  4841 | D:5      | Reached skill level 10 in Long Blades
  5177 | D:5      | Reached *** piety under Okawaru
  5371 | D:5      | Reached skill level 11 in Long Blades
  5498 | D:6      | Found Meep Valeaca's Antique Weapon Shop.
  5505 | D:6      | Bought a warped falchion for 224 gold pieces
  5505 | D:6      | Identified the +9 falchion "Iseazy" {vorpal, Str+6} (You
                  | bought it in a shop on level 6 of the Dungeon)
  5682 | D:6      | Reached XP level 9. HP: 62/70 MP: 8/8
  6050 | D:6      | Found Vosyahenk's General Store.
  6053 | D:6      | Bought a scroll of remove curse for 33 gold pieces
  6053 | D:6      | Bought a scroll of identify for 22 gold pieces
  6361 | D:7      | Reached **** piety under Okawaru
  6361 | D:7      | Reached skill level 12 in Long Blades
  6365 | D:7      | Found a staircase to the Ecumenical Temple.
  6398 | Temple   | Entered the Ecumenical Temple
  7177 | D:8      | Received a gift from Okawaru
  7342 | D:8      | Found an opulent altar of Gozag.
  7394 | D:8      | Reached skill level 10 in Shields
  7623 | D:8      | Reached skill level 13 in Long Blades
  8454 | D:9      | Reached XP level 10. HP: 54/77 MP: 9/9
  8477 | D:8      | Reached ***** piety under Okawaru
  8477 | D:8      | Reached skill level 14 in Long Blades
  9533 | D:9      | Found a staircase to the Lair.
  9688 | D:9      | Found a shadowy altar of Dithmenos.
  9688 | D:9      | Found an ancient bone altar of Kikubaaqudgha.
  9775 | D:10     | Entered Level 10 of the Dungeon
  9811 | D:10     | Reached skill level 5 in Fighting
  9811 | D:10     | Reached skill level 5 in Armour
 10142 | D:10     | Found a staircase to the Orcish Mines.
 10194 | D:10     | Noticed Harold
 10205 | D:10     | Killed Harold
 10205 | D:10     | Received a gift from Okawaru
 10205 | D:10     | Reached XP level 11. HP: 81/89 MP: 10/10
 11139 | D:11     | Noticed a cyan ugly thing
 11151 | D:11     | Killed a cyan ugly thing
 11239 | D:11     | Identified a scroll of acquirement
 11239 | D:11     | Identified the amulet of Icsenuci {+Rage Int+9} (You
                  | acquired it on level 11 of the Dungeon)
 11450 | D:11     | Found a stormy altar of Qazlal.
 11487 | D:11     | Found a transporter.
 11510 | D:11     | Found a transporter.
 11510 | D:11     | Noticed Cowkociz's ghost (journeyman TeCj)
 11573 | D:11     | Killed Cowkociz's ghost
 11781 | Lair:1   | Entered Level 1 of the Lair of Beasts
 12697 | Lair:2   | Reached XP level 12. HP: 98/103 MP: 11/11
 12930 | Lair:2   | Received a gift from Okawaru
 12930 | Lair:2   | Reached skill level 15 in Long Blades
 12939 | Lair:2   | Reached ****** piety under Okawaru
 13895 | Lair:3   | Found a hole to the Spider Nest.
 14333 | Lair:4   | Noticed a seven-headed hydra
 14339 | Lair:4   | Killed a seven-headed hydra
 14339 | Lair:4   | Reached skill level 10 in Fighting
 14339 | Lair:4   | Reached skill level 10 in Armour
 14440 | Lair:4   | Reached skill level 16 in Long Blades
 14445 | Lair:4   | Noticed a death yak
 14465 | Lair:4   | Noticed a death yak
 14467 | Lair:4   | Noticed a death yak
 14471 | Lair:4   | Killed a death yak
 14479 | Lair:3   | Killed a death yak
 14647 | Lair:4   | Noticed a death yak
 14658 | Lair:3   | Killed a death yak
 14812 | Lair:4   | Killed a death yak
 14812 | Lair:4   | Received a gift from Okawaru
 14812 | Lair:4   | Reached XP level 13. HP: 110/114 MP: 12/12
 15186 | Lair:4   | Found a staircase to the Swamp.
 15369 | Lair:4   | Reached skill level 15 in Shields
 15481 | Lair:4   | Reached skill level 1 in Invocations
 16234 | Lair:5   | Learned a level 2 spell: Blink
 16456 | Lair:5   | Got an encrusted rapier
 16457 | Lair:5   | Identified the +4 rapier "Bobryol" {flame, Str+2} (You
                  | found it on level 5 of the Lair of Beasts)
 16925 | Lair:6   | Entered Level 6 of the Lair of Beasts
 17045 | Lair:6   | Noticed Urug
 17130 | Lair:6   | Slain by a death yak

Levels and vault maps discovered:
D:1:      dpeg_arrival_ratfight, layout_rooms
D:2:      layout_loops_ring, first_ration
D:3:      layout_rooms, cheibrodos_sewer_entry_sluice
D:4:      layout_cave_pods, minmay_overflow_temple_star_quad,
          nicolae_ru_sacrificial_ziggurat
D:5:      minmay_general_purpose_star, layout_gridville, gammafunk_ghost_grave,
          chequers_serial_rivers_room_a
D:6:      layout_gridville, serial_shops, shop, kennysheep_mini_moat
D:7:      layout_loops_cross, minmay_temple_entry_mist
D:8:      layout_basic, grunt_gozag_breadcrumbs, grunt_ogre_cave
D:9:      layout_roguey, chequers_temple_overflow_statue_of_worship,
          grunt_lair_entry_orc_guard_hut
D:10:     layout_grid_maze, orc_0_dummy, uniq_harold
D:11:     layout_rooms, gammafunk_ghost_arena, serial_rivers,
          chequers_serial_rivers_room_b, chequers_serial_rivers_micro_b,
          chequers_serial_rivers_micro_e, chequers_serial_rivers_micro_d,
          grunt_qazlal_sundering
Temple:   regret_index_temple_sphere_string
Lair:1:   layout_big_grid, chequers_serial_rivers_large_a,
          infiniplex_staircase_pool
Lair:2:   regret_index_tunnel_blossom, layout_chaotic_city
Lair:3:   layout_long_grid, spider_nest_entry_a
Lair:4:   layout_cave_pods, swamp_mist_pool, beast_lair_carwin_10
Lair:5:   layout_cave_pods, minivault_24, lemuel_fruit_tree,
          serial_bayou_shore_a
Lair:6:   evil_forest, layout_regular_city, slime_altar_1,
          nicolae_volcano_entry_batcave, uniq_urug

Skill      XL: |  1  2  3  4  5  6  7  8  9 10 11 12 13 |
---------------+----------------------------------------+-----
Long Blades    | 3 4 5 6 7 9 11 13 14 16 | 16.0
Shields        | 4 5 6 7 8 10 12 13 14 15 | 15.0
Fighting       | 6 8 10 11 | 11.8
Armour         | 6 8 10 11 | 11.9
Invocations    | 4 |  4.7

Action                   |  1- 3 |  4- 6 |  7- 9 | 10-12 | 13-15 || total
-------------------------+-------+-------+-------+-------+-------++-------
Melee: Long sword        |    51 |   167 |   186 |       |       ||   404
       Headbutt          |     5 |    31 |    59 |   137 |    46 ||   278
       Falchion          |       |       |   144 |   314 |       ||   458
       Double sword      |       |       |       |   414 |   184 ||   598
Invok: Heroism           |       |     1 |       |     1 |     1 ||     3
       Finesse           |       |       |       |     1 |     1 ||     2
 Abil: Evoke Flight      |       |       |       |     1 |       ||     1
Evoke: Wand              |       |       |       |     3 |     2 ||     5
  Use: Potion            |     1 |       |       |       |     2 ||     3
       Scroll            |       |       |    21 |    12 |     7 ||    40
  Eat: Chunk             |       |     5 |    14 |    19 |     6 ||    44
       Ration            |       |       |     2 |     1 |       ||     3
Armor: Scale mail        |    18 |   101 |    14 |       |       ||   133
       Ring mail         |       |       |   104 |    51 |       ||   155
       Chain mail        |       |       |       |   164 |       ||   164
       Crystal plate arm |       |       |       |       |    96 ||    96
Dodge: Dodged            |     9 |    82 |    72 |   159 |    36 ||   358
Block: Shield            |    24 |   142 |   133 |   441 |   108 ||   848
       Rpst.: Long sword |     4 |    24 |    17 |       |       ||    45
       Falchion          |       |       |     8 |    14 |       ||    22
       Double sword      |       |       |       |    34 |    11 ||    45

Table legend:
 A = Non-vault XP
 B = Vault XP
 C = Vault XP percentage of total XP
 D = Non-vault monster count
 E = Vault monster count
 F = Vault count percentage of total count
                 A         B        C        D         E       F
            +---------+---------+-------+---------+---------+-------
      Total |   39244 |   14696 |  27.2 |     361 |     125 |  25.7
            +---------+---------+-------+---------+---------+-------
        D:1 |      22 |       5 |  18.5 |      13 |       5 |  27.8
        D:2 |      46 |       0 |   0.0 |      12 |       0 |   0.0
        D:3 |      74 |       6 |   7.5 |      21 |       2 |   8.7
        D:4 |     449 |       0 |   0.0 |      18 |       0 |   0.0
        D:5 |    1183 |     297 |  20.1 |      14 |       2 |  12.5
        D:6 |     601 |       0 |   0.0 |      22 |       0 |   0.0
        D:7 |     954 |       0 |   0.0 |      20 |       0 |   0.0
        D:8 |    2002 |     121 |   5.7 |      28 |       1 |   3.4
        D:9 |    2311 |     738 |  24.2 |      36 |       6 |  14.3
       D:10 |    1478 |     987 |  40.0 |      34 |       1 |   2.9
       D:11 |    4426 |    1854 |  29.5 |      44 |       5 |  10.2
     Lair:1 |    1758 |       0 |   0.0 |       7 |       0 |   0.0
     Lair:2 |    3414 |    5721 |  62.6 |      21 |      46 |  68.7
     Lair:3 |    3346 |    2489 |  42.7 |      16 |       5 |  23.8
     Lair:4 |    3551 |    2088 |  37.0 |      13 |       4 |  23.5
     Lair:5 |    4736 |       0 |   0.0 |      25 |       0 |   0.0
     Lair:6 |    8893 |       0 |   0.0 |      17 |       0 |   0.0
      Sewer |       0 |     390 | 100.0 |       0 |      48 | 100.0
            +---------+---------+-------+---------+---------+-------
